 Dungeon Crawl Stone Soup version 0.18-a0-211-gcfb53b4 (webtiles) character file.

2855 McCoppin the Carver (level 9, -3/61 HPs)
             Began as an Octopode Fighter on Nov 24, 2015.
             Was a Believer of Okawaru.
             Slain by a killer bee (8 damage)
             ... on level 7 of the Dungeon.
             The game lasted 00:25:50 (6988 turns).

McCoppin the Carver (Octopode Fighter)              Turns: 6988, Time: 00:25:50

Health: -3/61      AC:  1    Str: 20    XL:     9   Next: 75%
Magic:  9/9        EV: 11    Int: 13    God:    Okawaru [**....]
Gold:   347        SH:  9    Dex: 14    Spells: 0 memorised, 8 levels left

rFire  . . .     SeeInvis .     a - +0 long sword
rCold  + . .     Clarity  +     i - +0 shield
rNeg   + . .     SustAt   .     (helmet restricted)
rPois  .         Gourm    .     l - amulet of clarity
rElec  .         Spirit   .     m - +2 ring of intelligence
rCorr  .         Warding  .     K - ring of protection from cold
rMut   .         Stasis   .     Q - ring of positive energy
MR     .....                    (no ring)
Stlth  ++........               (no ring)
                                (no ring)
                                (no ring)
                                (no ring)

@: mighty, lethally poisoned (-3 -> -14), not resistant to hostile enchantments,
unstealthy
A: almost no armour, amphibious, 8 rings, constrict 8, camouflage 1, gelatinous
body 1
a: Heroism, Renounce Religion


You were on level 7 of the Dungeon.
You worshipped Okawaru.
Okawaru was pleased with you.
You were hungry.

You visited 1 branch of the dungeon, and saw 7 of its levels.
You also visited: Sewer.

You collected 347 gold pieces.

Inventory:

Hand Weapons
 a - a +0 long sword (weapon)
 b - a +0 blowgun
 C - a +0 falchion
 E - the +7 whip "Lorem Ipsum" {antimagic, MP+9}
   (You found it on level 5 of the Dungeon)

   It disrupts the flow of magical energy around spellcasters and certain
   magical creatures (including the wielder).
   It affects your magic capacity (+9).
 L - a +0 short sword of flaming
Missiles
 f - 3 curare-tipped needles
 q - 39 poisoned needles
 P - a throwing net (quivered)
Armour
 i - a +0 shield (worn)
Jewellery
 l - an amulet of clarity (around mantle)
 m - a +2 ring of intelligence (left tentacle)
 D - an uncursed ring of teleportation
 G - an uncursed ring of ice
 K - a ring of protection from cold (right tentacle)
 Q - a ring of positive energy (on tentacle)
Wands
 e - a wand of disintegration (11)
 y - a wand of digging (5)
 B - a wand of digging (8)
 I - a wand of draining (4)
 N - a wand of slowing (30)
Scrolls
 h - 2 scrolls of recharging
 j - 2 scrolls of enchant armour {unknown}
 u - 3 scrolls of remove curse
 v - 4 scrolls of fear {unknown}
 w - a scroll of magic mapping {unknown}
 F - 2 scrolls of teleportation {unknown}
 H - 2 scrolls of identify
 J - a scroll of acquirement {unknown}
 M - a scroll of amnesia {unknown}
 O - a scroll of enchant weapon {unknown}
Potions
 c - 3 potions of might
 g - 2 potions of lignification {unknown}
 n - a potion of mutation
 p - 3 potions of invisibility
 r - a potion of resistance
 s - 4 potions of flight {unknown}
 t - 7 potions of curing {unknown}
 x - a potion of heal wounds
 z - a potion of brilliance
 A - a potion of magic
Comestibles
 d - 9 bread rations
 k - 4 fruits
 o - 3 meat rations


   Skills:
 + Level 5.5 Fighting
 + Level 12.1 Long Blades
 - Level 3.0 Dodging
 - Level 3.0 Shields


You had 8 spell levels left.
You didn't know any spells.

Dungeon Overview and Level Annotations

Branches:
Dungeon (7/15)             Temple (0/1) D:4

Altars:
Ashenzari
Elyvilon
Makhleb
Okawaru
Ru
Zin
The Shining One

Shops:
D:4 [   D:7 [


Innate Abilities, Weirdness & Mutations

You cannot wear most types of armour.
You are amphibious.
You can wear up to eight rings at the same time.
You can use your tentacles to constrict eight enemies at once.
Your skin changes colour to match your surroundings (Stealth).
Your rubbery body absorbs attacks (AC +1).


Message History

You feel sick. The killer bee barely misses you.
You closely miss the killer bee. You grab the killer bee.
The killer bee is severely wounded.
You constrict the killer bee.
You feel sick. The killer bee stings you. The killer bee stings you.
* * * LOW HITPOINT WARNING * * *
You slice the killer bee!!
You kill the killer bee!
Okawaru accepts your kill.
You feel sick. The killer bee barely misses you.
You closely miss the killer bee. Your grab misses the killer bee.
You feel sick. The killer bee stings you!
* * * LOW HITPOINT WARNING * * *
The killer bee barely misses you.
You miss the killer bee. Your grab misses the killer bee.
You squeeze the killer bee!
The killer bee is almost dead.
* * * LOW HITPOINT WARNING * * *
You feel sick. You block the killer bee's attack. The killer bee stings you!
You die...

#.#...# #.##.#
##.#...####.##.#
#...<...))..##.#
..>.....######.#
#...#.#)# #.# ##.##...#
#.# #.####.# #.# #.#
#.######.######
#.####.........@yy.####
#...........######.'..#
######.##.#.# #.'..#
#.##.#.# #.y..#
#....#.# #.'.y#
######.# #.#### #.# ..#
#.. ... ### ###


You could see 2 killer bees.

Vanquished Creatures
  Pikel (D:5)
  Joseph (D:7)
  The ghost of HaroldButt the Digger, an amateur FoEE (D:4)
  Eustachio (D:5)
  Menkaure (D:7)
  A slave (D:5)
  An ice beast (D:5)
  A phantom (D:4)
  2 ogres
  A centaur (D:7)
  2 big kobolds
  A wyvern zombie (D:7)
  4 killer bees (D:7)
  2 scorpions
  2 crimson imps
  A centaur zombie (D:5)
  A quasit (D:7)
  A hound (D:7)
  4 orc wizards
  Crazy Yiuf (D:3)
  An iron imp (D:2)
  Natasha (thrice) (D:3)
  2 worker ants (D:5)
  A hound skeleton (D:6)
  8 adders
  6 river rats
  2 oozes
  4 adder skeletons
  2 worms (D:3)
  18 orcs
  3 ball pythons
  5 giant cockroaches
  4 hobgoblins
  11 jackals
  41 kobolds
  A quokka (D:5)
  4 bats
  8 giant geckos
  A giant gecko skeleton (D:4)
  8 giant newts
  9 goblins
  A quokka skeleton (D:7)
  27 rats
200 creatures vanquished.

Vanquished Creatures (others)
  A jackal (D:5)
1 creature vanquished.

Grand Total: 201 creatures vanquished

Notes
Turn   | Place    | Note
--------------------------------------------------------------
     0 | D:1      | McCoppin the Octopode Fighter began the quest for the Orb.
     0 | D:1      | Reached XP level 1. HP: 16/16 MP: 1/1
    84 | D:1      | Reached XP level 2. HP: 14/21 MP: 2/2
   472 | D:2      | Found a burning altar of Makhleb.
   478 | D:2      | Reached XP level 3. HP: 14/26 MP: 3/3
   694 | D:2      | Reached skill level 4 in Long Blades
   694 | D:2      | Reached XP level 4. HP: 22/31 MP: 4/4
  1040 | D:3      | Found a sacrificial altar of Ru.
  1236 | D:3      | Found a glowing drain.
  1376 | Sewer    | Entered a sewer
  1559 | Sewer    | Reached skill level 5 in Long Blades
  1569 | Sewer    | Reached XP level 5. HP: 22/36 MP: 5/5
  2161 | Sewer    | Reached skill level 6 in Long Blades
  2177 | Sewer    | Reached XP level 6. HP: 31/42 MP: 6/6
  2563 | D:3      | Noticed Crazy Yiuf
  2572 | D:3      | Killed Crazy Yiuf
  2814 | D:3      | Noticed Natasha
  2824 | D:3      | Killed Natasha
  2993 | D:3      | Noticed Natasha
  2997 | D:3      | Killed Natasha
  3127 | D:3      | Noticed Natasha
  3130 | D:3      | Killed Natasha
  3506 | D:4      | Reached skill level 7 in Long Blades
  3506 | D:4      | Reached XP level 7. HP: 33/46 MP: 7/7
  3542 | D:4      | Found an iron altar of Okawaru.
  3555 | D:4      | Became a worshipper of Warmaster Okawaru
  3615 | D:4      | Found Fudeeq's Gadget Shoppe.
  3703 | D:4      | Found a staircase to the Ecumenical Temple.
  3826 | D:4      | Noticed HaroldButt's ghost (amateur FoEE)
  3936 | D:4      | Killed HaroldButt's ghost
  3936 | D:4      | Reached skill level 8 in Long Blades
  4122 | D:4      | Found Anannud's Armour Emporium.
  4207 | D:5      | Entered Level 5 of the Dungeon
  4301 | D:5      | Reached * piety under Okawaru
  4362 | D:5      | Reached skill level 9 in Long Blades
  4362 | D:5      | Reached XP level 8. HP: 23/52 MP: 8/8
  4543 | D:5      | Got a crude whip
  4544 | D:5      | Identified the +7 whip "Lorem Ipsum" {antimagic, MP+9} (You found it on level 5 of the Dungeon)
  4561 | D:5      | Noticed Eustachio
  4576 | D:5      | Killed Eustachio
  4625 | D:5      | Found Xiadang's Antique Weapon Boutique.
  4672 | D:5      | Found a white marble altar of Elyvilon.
  5106 | D:5      | Noticed Pikel
  5127 | D:5      | Killed Pikel
  5127 | D:5      | Reached ** piety under Okawaru
  5127 | D:5      | Reached skill level 11 in Long Blades
  5350 | D:5      | Reached XP level 9. HP: 56/56 MP: 6/9
  5620 | D:6      | Found a glowing silver altar of Zin.
  5620 | D:6      | Found an iron altar of Okawaru.
  5678 | D:6      | Found a glowing golden altar of the Shining One.
  5918 | D:6      | Found a shattered altar of Ashenzari.
  6059 | D:7      | Noticed Menkaure
  6063 | D:7      | Killed Menkaure
  6129 | D:7      | Found Mock's Armour Shoppe.
  6563 | D:7      | Noticed Joseph
  6579 | D:7      | Killed Joseph
  6579 | D:7      | Reached skill level 5 in Fighting
  6785 | D:7      | Reached skill level 12 in Long Blades
  6988 | D:7      | Slain by a killer bee

Vault maps used:
D:1:      saegor_arrival_simple_b
D:2:      makhleb_grotto_becter, minivault_14, grunt_ministairs_6
D:3:      nicolae_ru_awakened_eye, portal_sewer_entry_b,
          kennysheep_generic_room_15, uniq_natasha, uniq_crazy_yiuf_cottage
D:4:      minmay_temple_entry_overgrown, serial_shops, shop, nicolae_shop_stone,
          okawaru_ov_weapons_minmay
D:5:      kennysheep_kobold_camp, elyvilon_altar_4, first_bread, serial_shops,
          shop, uniq_eustachio, uniq_pikel
D:6:      gammafunk_temple_overflow_forgotten, basic_altar
D:7:      serial_shops, nicolae_shop_waterfront, eino_jars, uniq_menkaure,
          uniq_joseph
Sewer:    sewer_minmay_treatment

Action                   |  1- 3 |  4- 6 |  7- 9 || total
-------------------------+-------+-------+-------++-------
Melee: Long sword        |    45 |   157 |   146 ||   348
       Whip              |       |       |    80 ||    80
 Fire: Blowgun           |       |       |    35 ||    35
  Use: Potion            |       |     2 |     4 ||     6
       Scroll            |       |     3 |     4 ||     7
 Stab: Sleeping          |     3 |     3 |    14 ||    20
  Eat: Chunk             |       |     7 |    11 ||    18
       Fruit             |       |       |     1 ||     1
